 Dungeon Crawl Stone Soup version 0.22-a0-533-g4d20840 (webtiles) character file.

21 inc the Skirmisher (level 2, 0/15 HPs)
             Began as a Felid Chaos Knight on June 22, 2018.
             Slain by Terence
             ... wielding a +0 flail
              (7 damage)
             ... on level 1 of the Dungeon.
             The game lasted 00:01:42 (1439 turns).

inc the Skirmisher (Felid Chaos Knight)             Turns: 1439, Time: 00:01:42

Health: 0/15       AC:  1    Str:  8    XL:     2   Next: 62%
Magic:  3/3        EV: 18    Int: 18    God:    Xom [..*...]
Gold:   62         SH:  0    Dex: 15    Spells: 1/1 levels left
                                        Lives:  0   Deaths: 0

rFire    . . .     SeeInvis +     - Unarmed
rCold    . . .     Gourm    .   (shield unavailable)
rNeg     . . .     Faith    .   (armour unavailable)
rPois    .         Spirit   .   (helmet unavailable)
rElec    .         Reflect  .   (cloak unavailable)
rCorr    .         Harm     .   (gloves unavailable)
MR       .....                  (boots unavailable)
Stlth    ++........             (no amulet)
HPRegen  0.05/turn              b - ring of flight
MPRegen  0.08/turn              (no ring)

@: brilliant, quick
A: very small, no armour, no weapons or thrown items, stealth, claws 1, fangs 3,
see invisible, carnivore, speed 1, shaggy fur 1, slow metabolism 1, sharp paws
a: Renounce Religion, Evoke Flight


You were on level 1 of the Dungeon.
You worshipped Xom.
You were a toy of Xom.
You were full.

You visited 1 branch of the dungeon, and saw 2 of its levels.

You collected 62 gold pieces.

Inventory:

Jewellery
 b - a ring of flight (left paw)
Scrolls
 c - a scroll of teleportation {unknown}
 d - 2 scrolls of noise {unknown}
 e - a scroll of immolation {unknown}
Comestibles
 a - 2 rations


   Skills:
 + Level 4.0 Fighting
 - Level 3.2 Dodging
 - Level 3.0 Unarmed Combat


You had one spell level left.
You didn't know any spells.
Your spell library was empty.

Dungeon Overview and Level Annotations

Branches:
Dungeon (2/15)

Altars:

Annotations:
D:1 Terence


Innate Abilities, Weirdness & Mutations

You cannot wear armour.
You are incapable of wielding weapons or throwing items.
Your paws allow you to move quietly. (Stealth)
You have sharp claws.
You have razor-sharp teeth.
You have supernaturally acute eyesight. (SInv)
You are carnivorous and can eat meat at any time.
You cover ground quickly.
You are covered in fur. (AC +1)
You have a slow metabolism.
Your sharp claws are effective at attacking unaware monsters.


Message History

You feel clever all of a sudden.
Terence shouts, "DIE!!!"
Terence misses you.
You scratch Terence. You bite Terence.
Terence is moderately wounded.
You closely miss Terence.
Terence is moderately wounded.
Terence barely misses you.
You scratch Terence but do no damage.
Terence is moderately wounded.
Terence shouts, "Now you die!" Terence completely misses you.
Terence screams, "I want your blood!"
You scratch Terence. You bite Terence, but do no damage.
Terence is heavily wounded.
Terence hits you with a flail.
You scratch Terence but do no damage.
Terence is heavily wounded.
Terence hits you with a flail!
You die...

#.# ##..........#.####..## #)#
#.................†.## #.#
##...##...###.###...## #.#
##..(##.#....#....#...
#.##########....#..##..#.###...##
#...........##########.##########
##############.................##
#.#.......#.......#.#
#..#@......#.....#..#
#...#@..#...#...#...#
#....#...#...#.#b§..#
#.....#.#.#...#...#.#
#......#...#...#.#(.#
###...#.#...<.#...#....
#######......#.....#...#.#..#
#.......#.....#...#...#.....#
#.#######.....##.....##.....#


You could see Terence.

Vanquished Creatures
  2 dart slugs (D:1)
  A leopard gecko (D:1)
  2 giant cockroaches (D:1)
  A goblin (D:1)
  A hobgoblin (D:1)
  4 bats (D:1)
  A kobold (D:1)
  4 rats (D:1)
16 creatures vanquished.

Notes
Turn   | Place    | Note
-------+----------+-------------------------------------------
     0 | D:1      | inc the Felid Chaos Knight began the quest for the Orb.
     0 | D:1      | Reached XP level 1. HP: 10/10 MP: 2/2
    38 | D:1      | XOM: silly message
   316 | D:1      | XOM: mild Erth miscast
   370 | D:1      | XOM: harmless Chrm miscast
   501 | D:1      | XOM: divination: detect creatures
   676 | D:1      | XOM: mild Tmut miscast
   761 | D:1      | Reached XP level 2. HP: 11/15 MP: 3/3
   848 | D:1      | XOM: smoke on damage
   961 | D:1      | XOM: harmless Erth miscast
   979 | D:1      | XOM: harmless Chrm miscast
   982 | D:1      | XOM: harmless Erth miscast
  1039 | D:1      | Reached skill level 4 in Fighting
  1192 | D:2      | XOM: stealth player
  1192 | D:2      | Noticed Terence
  1200 | D:1      | XOM: butterfly on damage
  1425 | D:1      | XOM: potion effect (brilliance)
  1439 | D:1      | Slain by Terence

Vault maps used:
D:1:      matt_arrival_diagonals
D:2:      gammafunk_temple_overflow_pools, st_stairs_3, uniq_terence

Skill      XL: |  1  2 |
---------------+-------+-----
Fighting       | 4 |  4.0
Dodging        | |  3.2
Unarmed Combat | |  3.0

Action                   || total
-------------------------++-------
Melee: Unarmed           ||    66
       Bite              ||     9
       Punch             ||     1
 Stab: Sleeping          ||     5
  Eat: Chunk             ||     5
Armor: Skin              ||     4
Dodge: Dodged            ||    51

Table legend:
 A = Spawn XP
 B = Non-spawn XP
 C = Spawn XP percentage of total XP
 D = Spawn monster count
 E = Non-spawn monster count
 F = Spawn count percentage of total count
 G = Total turns spent on level
                    A         B        C        D         E        F      G
               +---------+---------+-------+---------+---------+-------+---------
         Total |       0 |      30 |   0.0 |       0 |      16 |   0.0 |  1439
               +---------+---------+-------+---------+---------+-------+---------
           D:1 |       0 |      30 |   0.0 |       0 |      16 |   0.0 |  1432
               +---------+---------+-------+---------+---------+-------+---------
